 Dungeon Crawl Stone Soup version 0.27.1-33-g824d729ab1 (webtiles) character file.

Game seed: 2566774886061096321

3161 jlumianski the Cleaver (level 9, -8/82 HPs)
             Began as a Gargoyle Monk on Dec 10, 2021.
             Was a Believer of Wu Jian.
             Mangled by an orc warrior (20 damage)
             ... in a bailey.
             The game lasted 00:42:27 (8816 turns).

jlumianski the Cleaver (Gargoyle Monk)              Turns: 8816, Time: 00:42:29

Health: -8/82      AC: 16    Str: 27    XL:     9   Next: 94%
Magic:  0/11       EV: 12    Int: 11    God:    Wu Jian [**....]
Gold:   319        SH:  0    Dex: 12    Spells: 9/11 levels left

rFire    . . .     SeeInvis .   h - +4 broad axe of Pride {speed, +Rage rPois rC+ Str+3}
rCold    + . .     Faith    .   (no shield)
rNeg     + . .     Spirit   +   f - +0 ring mail
rPois    ∞         Reflect  .   l - +1 hat of Neset {Drain +Inv Fly Slay+3}
rElec    +         Harm     .   x - +1 cloak
rCorr    .         Rampage  .   D - +0 pair of gloves
Will     .....                  (no boots)
Stlth    ..........             n - amulet of guardian spirit
HPRegen  0.23/turn              j - +6 ring of strength
MPRegen  0.12/turn              (no ring)

@: berserking, wereblooded, flying, studying Short Blades, very quick
A: sickness immunity, AC +6, negative energy resistance 1, electricity
resistance, torment resistance 1, petrification resistance
a: Renounce Religion, Evoke Berserk Rage, Evoke Invisibility, Wall Jump


You were in a bailey.
You worshipped Wu Jian.
Wu Jian was pleased with you.
You visited 2 branches of the dungeon, and saw 9 of its levels.
You also visited: Bailey.

You collected 319 gold pieces.

Inventory:

Hand Weapons
 a - a +0 hand axe
 h - the +4 broad axe of Pride (weapon) {speed, +Rage rPois rC+ Str+3}
   (You acquired it on level 4 of the Dungeon)

   Attacks with this weapon are significantly faster.
   Str:       It affects your strength (+3).
   rC:        It protects you from cold.
   rPois:     It protects you from poison.
   +Rage:     It lets you go berserk.
 o - the +11 trident of Makhleb's Benevolence {elec, Int+4}
   (You found it on level 5 of the Dungeon)

   It occasionally discharges a powerful burst of electricity upon striking a
   foe.
   Int:       It affects your intelligence (+4).
 u - a +0 arbalest
 B - a +1 flail of protection
Missiles
 d - 249 stones (quivered)
 k - 275 bolts
 m - 39 poisoned darts
 s - 49 sling bullets
 y - 5 boomerangs
 A - a throwing net
Armour
 b - a +0 robe
 f - a +0 ring mail (worn)
 g - a +0 chain mail
 l - the +1 hat of Neset (worn) {Drain +Inv Fly Slay+3}
   (You acquired it in a bailey)

   Slay:      It affects your accuracy & damage with ranged weapons and melee
   (+3).
   +Inv:      It lets you turn invisible.
   Fly:       It grants you flight.
   Drain:     It drains your maximum health when unequipped.
 x - a +1 cloak (worn)
 C - the +1 robe "Coiso" {rElec rF+ Dex+2 Archmagi}
   (You took it off an orc on level 6 of the Dungeon)

   Dex:       It affects your dexterity (+2).
   rF:        It protects you from fire.
   rElec:     It insulates you from electricity.
   Archmagi:  It increases the power of your magical spells.
 D - a +0 pair of gloves (worn)
Jewellery
 i - an amulet of magic regeneration
 j - a +6 ring of strength (left hand)
 n - an amulet of guardian spirit (around neck)
Scrolls
 q - a scroll of vulnerability
 v - 3 scrolls of teleportation
 w - 3 scrolls of amnesia
 E - a scroll of identify
Potions
 c - a potion of brilliance
 e - 2 potions of resistance
 p - a potion of mutation
 r - a potion of curing
 t - a potion of degeneration
 z - a potion of might


   Skills:
 + Level 5.7 Fighting
 + Level 8.3 Axes
 + Level 4.5 Armour
 + Level 4.0 Dodging
 + Level 3.8 Stealth
 + Level 1.7 Spellcasting
 * Level 4.5 Transmutations
 * Level 3.0 Evocations


You had 9 spell levels left.
You knew the following spells:

 Your Spells              Type           Power      Damage    Failure   Level
a - Wereblood             Tmut           10%        N/A       11%         2

Your spell library contained the following spells:

 Spells                   Type           Power      Damage    Failure   Level
 Beastly Appendage        Tmut           20%        N/A       7%          1
 Apportation              Tloc           0%         N/A       41%         1
 Spider Form              Tmut/Pois      2%         N/A       45%         3
 Static Discharge         Conj/Air       0%         N/A       54%         2
 Dispel Undead            Necr           0%         3d6       99%         4
 Sticky Flame             Conj/Fire      0%         2d3       99%         4
 Alistair's Intoxication  Tmut/Pois      3%         N/A       99%         5
 Invisibility             Hex            0%         N/A       100%        6


Dungeon Overview and Level Annotations

Branches:
Dungeon (8/15)             Temple (1/1) D:4          Bailey (1/1)
   Lair: D:8-11

Altars:
Ashenzari
Hepliaklqana
Nemelex Xobeh
Okawaru
Sif Muna
Trog
Vehumet
Wu Jian
Xom

Annotations:
D:8 Joseph


Innate Abilities, Weirdness & Mutations

You are immune to sickness and miasma.
Your stone body is resilient. (AC +6)
You are immune to poison.
You resist negative energy. (rN+)
You are resistant to electric shocks. (rElec)
You are resistant to unholy torment.
You are immune to petrification.


Message History

Your blood is infused with primal strength.
The orc warrior barely misses you.
You fail to use your ability.
The orc knight roars a battlecry!
The orc warriors go into a battle-frenzy!
The orc warrior hits you from afar with a +0 bardiche.
The orc warrior completely misses you.
You fail to use your ability.
The orc knight hits you from afar with a +0 glaive!
The orc warrior hits you but does no damage.
The orc warrior closely misses you.
A red film seems to cover your vision as you go berserk!
You feel yourself moving faster!
You feel mighty! The orc knight closely misses you.
The orc warrior hits you from afar with a +0 bardiche!!
The orc warrior closely misses you.
You lunge at the orc knight, in a flurry of attacks.
You slash the orc knight!
The orc knight is lightly wounded.
You barely miss the orc warrior. You closely miss the orc warrior.
You closely miss the orc knight.
The orc knight is lightly wounded.
You slash the orc warrior! x2
The orc knight hits you with a +0 glaive!
The orc warrior hits you with a +0 bardiche!
* * * LOW HITPOINT WARNING * * *
The orc warrior hits you with a +0 glaive!
* * * LOW HITPOINT WARNING * * *
The orc warrior hits you but does no damage.
There is an open door here.
You slash the orc knight!
The orc knight is moderately wounded.
You barely miss the orc warrior. You closely miss the orc warrior.
You slice the orc knight!!
The orc knight is severely wounded.
You hit the orc warrior. x2; The orc knight barely misses you.
The orc warrior hits you with a +0 bardiche.
* * * LOW HITPOINT WARNING * * *
The orc warrior hits you with a +0 glaive!!
You die...

...≈≈≈≈≈....#########....≈≈≈≈≈...
...........##.......##...........
..........##..#'#'#..##..........
..........#..##)#)##..#....).....
.........##.#########.##.........
.........##.')#=.:#)'.##.........
.........##.###.o.###.##.........
.........##.')#ooo#)'.##.........
.........##.####@####.##.........
.........##..##∩.∩##..#..........
.............##'''#..##..........
.............##.....##...........
...≈≈≈≈≈.....##....##....≈≈≈≈≈...
..≈≈#.#.≈....#######....≈.#)#≈≈..
..≈##.∩#≈...............≈#∩.##≈..
..≈..^..≈...........)...≈..^..≈..
..≈##.##≈...............≈##.##≈..


You could see an orc knight and 3 orc warriors.

Vanquished Creatures
  Pikel (D:6)
  A gargoyle (D:7)
  Duvessa (D:6)
  A water moccasin (D:6)
  An ice beast (D:5)
  5 orc warriors (Bailey)
  An ogre (D:6)
  A centaur (D:5)
  2 phantoms
  2 lemures (D:6)
  2 bullfrogs
  Blork the orc (D:6)
  3 scorpions
  Dowan (D:6)
  A water moccasin skeleton (D:5)
  4 electric eels (D:6)
  2 jellies
  2 centaur zombies
  4 hounds
  An orc priest (D:6)
  A bullfrog skeleton (D:4)
  An iguana (D:6)
  6 orc wizards
  A killer bee zombie (D:8)
  A hound skeleton (D:4)
  A howler monkey zombie (D:5)
  7 adders
  An adder skeleton (D:4)
  2 worms
  4 dart slugs
  33 orcs
  6 ball pythons
  6 bats
  8 endoplasms
  5 giant cockroaches
  9 goblins
  9 hobgoblins
  5 jackals
  6 quokkas
  3 frilled lizards (D:1)
  7 kobolds
  A quokka skeleton (D:4)
  5 rats
165 creatures vanquished.

Vanquished Creatures (collateral kills)
  A hobgoblin (D:1)
1 creature vanquished.

Vanquished Creatures (others)
  2 orcs (Bailey)
  6 plants (D:6)
  14 withered plants (D:1)
22 creatures vanquished.

Grand Total: 188 creatures vanquished

Notes
Turn   | Place    | Note
-------+----------+-------------------------------------------
     0 | D:1      | jlumianski the Gargoyle Monk began the quest for the Orb.
     0 | D:1      | Reached XP level 1. HP: 14/14 MP: 1/1
   381 | D:1      | Reached XP level 2. HP: 19/19 MP: 2/2
   399 | D:1      | Reached skill level 3 in Axes
   488 | D:1      | Found a faded altar of an unknown god.
   571 | D:1      | Became a worshipper of Nemelex Xobeh the Trickster
   571 | D:1      | Reached * piety under Nemelex Xobeh
   571 | D:1      | Received a gift from Nemelex Xobeh
   571 | D:1      | Reached ** piety under Nemelex Xobeh
   755 | D:1      | Reached *** piety under Nemelex Xobeh
   756 | D:1      | Received a gift from Nemelex Xobeh
   920 | D:1      | Reached XP level 3. HP: 14/23 MP: 3/3
  1118 | D:2      | Received a gift from Nemelex Xobeh
  1121 | D:2      | Noticed Terence
  1129 | D:2      | Noticed Terence
  1129 | D:2      | Terence changed into Terence the hobgoblin
  1136 | D:2      | Killed Terence the hobgoblin
  1308 | D:2      | Reached XP level 4. HP: 16/28 MP: 4/4
  1625 | D:2      | Learned a level 2 spell: Wereblood
  2166 | D:3      | Found a sparkling altar of Nemelex Xobeh.
  2284 | D:3      | Reached XP level 5. HP: 33/33 MP: 5/5
  2509 | D:3      | Reached skill level 1 in Armour
  2600 | D:3      | Received a gift from Nemelex Xobeh
  2613 | D:3      | Reached **** piety under Nemelex Xobeh
  2873 | D:3      | Noticed a phantom
  2899 | D:3      | Killed a phantom
  2900 | D:3      | Reached skill level 4 in Axes
  2900 | D:3      | Reached skill level 1 in Transmutations
  3326 | D:4      | Reached XP level 6. HP: 38/38 MP: 6/6
  3358 | D:4      | Found a staircase to the Ecumenical Temple.
  3362 | D:4      | Received a gift from Nemelex Xobeh
  3374 | Temple   | Entered the Ecumenical Temple
  3392 | Temple   | Fell from the grace of Nemelex Xobeh
  3392 | Temple   | Became a worshipper of the Wu Jian Council
  4445 | D:4      | Identified 2 scrolls of acquirement
  4445 | D:4      | Acquired a manual of Short Blades
  4447 | D:4      | Acquired the +4 broad axe of Pride {speed, +Rage rPois rC+
                  | Str+3}
  4467 | D:5      | Entered Level 5 of the Dungeon
  4467 | D:5      | Noticed an ice beast
  4478 | D:5      | Reached XP level 7. HP: 43/43 MP: 4/7
  4480 | D:5      | Identified the +11 trident of Makhleb's Benevolence {elec,
                  | Int+4}
  4658 | D:5      | Reached skill level 5 in Axes
  4785 | D:5      | Reached * piety under Wu Jian
  5024 | D:6      | Noticed Duvessa
  5024 | D:6      | Noticed Dowan
  5035 | D:6      | Killed Dowan
  5036 | D:6      | Reached XP level 8. HP: 33/48 MP: 1/9
  5042 | D:6      | Killed Duvessa
  5043 | D:6      | Reached skill level 6 in Axes
  5268 | D:6      | Reached skill level 1 in Spellcasting
  5344 | D:6      | Noticed Blork the orc
  5353 | D:6      | Killed Blork the orc
  5409 | D:6      | Found a broken altar of Ashenzari.
  5765 | D:6      | Reached skill level 5 in Fighting
  5765 | D:6      | Reached skill level 1 in Evocations
  5973 | D:6      | Noticed Pikel
  5982 | D:6      | Reached skill level 7 in Axes
  5983 | D:6      | Killed Pikel
  5984 | D:6      | Reached XP level 9. HP: 53/54 MP: 7/10
  6186 | D:6      | Identified the +1 robe "Coiso" {rElec rF+ Dex+2 Archmagi}
  6594 | D:7      | Noticed a gargoyle
  6601 | D:7      | Killed a gargoyle
  6602 | D:7      | Reached skill level 8 in Axes
  6702 | D:7      | Found a bloodstained altar of Trog.
  7167 | D:7      | Noticed a centaur warrior
  7167 | D:7      | Noticed a merfolk javelineer
  7167 | D:7      | Noticed a merfolk
  7167 | D:7      | Noticed a merfolk
  7495 | D:8      | Found a flagged portal.
  7499 | D:8      | Noticed Joseph
  7510 | D:8      | Reached ** piety under Wu Jian
  7514 | Bailey   | Entered a bailey
  8799 | Bailey   | Acquired the +1 hat of Neset {Drain +Inv Fly Slay+3}
  8809 | Bailey   | Noticed an orc knight
  8816 | Bailey   | Mangled by an orc warrior

Illustrated notes

Levels and vault maps discovered:
D:1:      lemuel_arrival_lava_pool, layout_basic,
          shapermc_ecumenical_altar_flowoftime
D:2:      layout_rooms, uniq_terence
D:3:      layout_loops_corners, nemelex_diamond_rough_becter
D:4:      layout_cave_pods, minmay_temple_entry_statues_fountains,
          minmay_a_box_with_orc_wizards_in_it
D:5:      layout_rooms
D:6:      layout_cave_pools, lemuel_tele_altar, serial_bayou,
          serial_bayou_ford_a, serial_bayou_pond_a, serial_bayou_pond_c,
          serial_bayou_shore_a, serial_bayou_lake_a, uniq_pikel, uniq_duvessa,
          uniq_blork_the_orc
D:7:      layout_basic, mainiacjoe_overflow_six_doors_small, chequers_jeans,
          st_stairs_8
D:8:      layout_loops_cross, serial_shops, nicolae_shop_trees, enter_bailey_5,
          uniq_joseph, uniq_erica
Temple:   nicolae_temple_elliptical
Bailey:   bailey_polearm_2, bailey

Skill      XL: |  1  2  3  4  5  6  7  8  9 |
---------------+----------------------------+-----
Axes           | 3 4 5 7 8 |  8.3
Dodging        | 3 4 |  4.0
Armour         | 1 2 3 4 |  4.5
Transmutations | 1 2 3 4 |  4.5
Fighting       | 4 5 |  5.7
Stealth        | 3 |  3.8
Spellcasting   | 1 |  1.7
Evocations     | 1 3 |  3.0

Action                   |  1- 3 |  4- 6 |  7- 9 || total
-------------------------+-------+-------+-------++-------
Melee: Hand axe          |   121 |   240 |       ||   361
       Broad axe         |       |     7 |   219 ||   226
Throw: Stone             |     1 |       |       ||     1
 Cast: Wereblood         |       |     1 |    12 ||    13
Invok: Draw Destruction  |     4 |     3 |       ||     7
       Draw Summoning    |     1 |     1 |       ||     2
       Draw Escape       |       |     1 |       ||     1
       Lunge             |       |     1 |    20 ||    21
       Whirlwind         |       |       |     3 ||     3
 Abil: Evoke Berserk Rag |       |       |     4 ||     4
  Use: Scroll            |       |     6 |    11 ||    17
       Potion            |       |       |     6 ||     6
 Stab: Sleeping          |     1 |     2 |     7 ||    10
       Invisible         |       |       |     1 ||     1
Armor: Robe              |    38 |       |       ||    38
       Ring mail         |    15 |   113 |    80 ||   208
Dodge: Dodged            |    83 |   158 |   117 ||   358
